AoeStats
← tom8to

Arabia

508775643Analyzed
3v3 RM · 9d ago on Sep 24, 2026· 40m 51s· 6 players
Game mode
Random Map
Map size
Normal (6 player)
Population
200
Speed
Normal
Resources
Standard
Victory
Conquest
Starting age
Dark Age
Ending age
Imperial Age
RankedLock teamsTeams togetherTeam positionsShared explorationLock speedFull tech treeHidden civsTurbo modeCheats
Victory
Defeat
🇦🇷 Huns · Argentina
1080
+12
🇺🇸 Japanese · United States
1030
+14
🇨🇦 Britons · Canada
985
+15
🇺🇸 Ethiopians · United States
989
-14
🇺🇸 Franks · United States
980
-14
🇺🇸 Huns · United States
974
-13
dayman
7:56 Loom
10:51 Feudal Age
14:08 Double-Bit Axe
17:47 Horse Collar
19:30 Fletching
24:49 Castle Age
23:44 Wheelbarrow
24:03 Padded Archer Armor
25:08 Crossbowman
25:22 Pikeman
26:00 Bodkin Arrow
26:57 Bow Saw
31:06 Hand Cart
31:59 Squires
35:38 Ballistics
37:12 Leather Archer Armor
37:43 Elite Skirmisher
41:58 Imperial Age
39:49 Forging
John G
9:06 Loom
12:00 Feudal Age
16:19 Castle Age
14:32 Double-Bit Axe
15:20 Horse Collar
15:35 Gold Mining
15:41 Fletching
18:02 Wheelbarrow
19:14 Scale Barding Armor
21:43 Chain Barding Armor
23:23 Bloodlines
25:11 Forging
25:42 Husbandry
31:35 Hand Cart
34:08 Gold Shaft Mining
34:54 Iron Casting
38:46 Bow Saw
38:38 Heavy Plow
Kin
7:01 Loom
9:13 Feudal Age
9:49 Double-Bit Axe
9:45 Horse Collar
15:48 Gold Mining
18:12 Castle Age
24:51 Fletching
29:36 Elite Skirmisher
31:02 Bodkin Arrow
36:33 Padded Archer Armor
Wyrdy
9:43 Feudal Age
9:18 Loom
12:32 Horse Collar
14:41 Fletching
21:27 Castle Age
20:12 Padded Archer Armor
20:57 Double-Bit Axe
21:04 Gold Mining
21:34 Crossbowman
22:10 Bodkin Arrow
23:42 Thumb Ring
24:57 Leather Archer Armor
25:31 Stone Mining
30:56 Bow Saw
31:10 Scale Mail Armor
35:00 Wheelbarrow
38:59 Chain Mail Armor
tom8to
11:18 Feudal Age
11:13 Loom
13:20 Double-Bit Axe
13:17 Horse Collar
20:16 Castle Age
18:42 Gold Mining
22:16 Heavy Plow
22:30 Bow Saw
22:58 Gold Shaft Mining
22:49 Thumb Ring
22:37 Fletching
26:11 Padded Archer Armor
26:37 Scale Barding Armor
28:18 Wheelbarrow
29:40 Bodkin Arrow
29:45 Padded Archer Armor
30:09 Chain Barding Armor
31:44 Pikeman
33:00 Scale Mail Armor
36:07 Forging
39:25 Chain Mail Armor
39:06 Stone Mining
mwbrom12
10:21 Feudal Age
13:58 Loom
14:34 Forging
14:30 Scale Barding Armor
14:40 Double-Bit Axe
22:58 Castle Age
24:24 Wheelbarrow
27:48 Bow Saw
31:29 Hand Cart
31:54 Iron Casting
33:55 Gold Mining
37:03 Chain Barding Armor
37:26 Stone Mining
37:39 Pikeman
Connection lost

Rejoining the realm…

Still unreachable

The connection could not be restored.

Session expired

The server has moved on; the page needs a fresh start.